[Event "Team 45 45 League T47"]
[Site "Internet Chess Club"]
[Date "2010.11.06"]
[Round "1"]
[White "otib2006"]
[Black "JimGaming"]
[Result "1-0"]
[WhiteElo "1289"]
[BlackElo "1239"]
[Opening "Sicilian defense"]
[ECO "B20"]
[Time "14:04:01"]
[TimeControl "2700+45"]

1. e4 c5 2. Bc4 Nc6 3. Nf3 e6 4. O-O d5 5. exd5 exd5 6. Bb5 Bd7 7. Nc3 Nf6 8. d3
a6 9. Bxc6 Bxc6 10. Bg5 Be7 11. Ne5 O-O 12. Nxc6 bxc6 13. Re1 h6 14. Bh4 g5 15.
Bg3 Bd6 16. Ne2 Qd7 17. Bxd6 Qxd6 18. Ng3 Qd7 19. Nh5 Nxh5 20. Qxh5 Kh7 21. Qf3
f5 22. Re3 f4 23. Re5 Qg7 24. Rae1 g4 25. Qe2 f3 26. Qe3 Kg8 27. g3 Qg6 28. Re6
Qg5 29. Qxg5+ hxg5 30. Rg6+ Kf7 31. Rxg5 Kf6 32. Rxg4 Kf5 33. Rf4+ Kg5 34. Re5+
Kg6 35. Re6+ Kh7 36. Rxc6 Rxf4 37. gxf4 Rg8+ 38. Kf1 Rg2 39. h3 Rh2 40. Ke1 Rg2
41. Rxc5 Rg1+ 42. Kd2 Rf1 43. Rxd5 Rxf2+ 44. Ke3 Rf1 45. f5 f2 46. Ke2 Rh1 47.
Kxf2 Rh2+ 48. Ke3 Rxc2 49. f6 Kg6 50. Rd6 Rxb2 51. Rxa6 Rh2 52. f7+ Kxf7 53.
Ra7+ Kg6 54. Ra6+ Kg7 55. d4 Rxh3+ 56. Ke4 Rh4+ 57. Ke5 Rh5+ 58. Ke4 Rh4+ 59.
Kd3 Rh3+ 60. Kc4 Rh2 61. d5 Rc2+ 62. Kd4 Rd2+ 63. Kc5 Rc2+ 64. Kd6 Rf2 65. Kd7
Rf7+ 66. Kc8 Rf8+ 67. Kd7 Rf7+ 68. Kc6 Rf2 69. d6 Rc2+ 70. Kb7 Rb2+ 71. Kc8 Rc2+
72. Kd8 Rf2 73. Ra7+ Kg8 74. d7 Kf8 75. Kc7 Rc2+ 76. Kd6 Rd2+ 77. Ke6 Re2+ 78.
Kf5 Ke7 79. Kf4 Rf2+ 80. Kg3 Rc2 81. a4 Rc3+ 82. Kf2 Ra3 83. a5 Kd8 84. a6 Ra5
85. Ke3 Re5+ 86. Kd4 Rh5 87. Kc4 Rh4+ 88. Kc5 Rh5+ 89. Kd6 Rh6+ 90. Ke5 Rh5+ 91.
Kf4 Rh4+ 92. Kg3 Ra4 93. Kf3 Ra3+ 94. Ke4 Ra4+ 95. Kd5 Rh4 96. Rb7 Rh5+ 97. Kd4
Ra5 98. a7 Ra4+ 99. Kc3 Ke7 100. Kb3 Ra6 101. Kb4 Ra1 102. Kc5 Rc1+ 103. Kb6
Rb1+ 104. Kc7 Rc1+ 105. Kb8 Rh1 106. a8=Q Rh8+ 107. Ka7 Rxa8+ 108. Kxa8 Kd8 109.
Ra7 Ke7 110. Kb7 Kd8 111. Kc6 Ke7 112. Ra8 {Black resigns} 1-0

[Event "Team 45 45 League T47"]
[Site "Internet Chess Club"]
[Date "2010.11.04"]
[Round "1"]
[White "Giacometti"]
[Black "BrerRabbit"]
[Result "0-1"]
[WhiteElo "1626"]
[BlackElo "1614"]
[Opening "King's Indian: Kramer system"]
[ECO "E70"]
[Time "19:00:22"]
[TimeControl "2700+45"]

1. d4 Nf6 2. c4 g6 3. Nc3 Bg7 4. e4 d6 5. Nge2 O-O 6. Ng3 e5 7. d5 a5 8. Be2 Na6
9. h4 h6 10. f4 exf4 11. Bxf4 Re8 12. Qd2 Kh7 13. Bg5 h5 14. Bxh5 Qd7 15. Bf3
Ng4 16. h5 Kg8 17. h6 Be5 18. O-O-O Bxg3 19. h7+ Kg7 20. Bxg4 Qxg4 21. Bh6+ Kh8
22. Bg5 Be5 23. Rdf1 Rf8 24. Bf6+ Bxf6 25. Rxf6 Bd7 26. Kb1 Rae8 27. Qf2 Re7 28.
e5 Rxe5 29. Rf4 Qg5 30. g4 Qe7 31. Rf1 Be8 32. Rh1 Nc5 33. Qg3 Ne4 34. Nxe4 Rxe4
35. Qf2 Rxf4 36. Qxf4 Qe5 37. Qh6 Qg7 38. Qd2 b6 39. Qe3 Qe5 40. Qh6 Qg7 41. Qe3
f6 42. a3 Bd7 43. Qe2 Re8 44. Qf3 Qe7 45. Qc3 {White resigns} 0-1

[Event "Team 45 45 League T47"]
[Site "Internet Chess Club"]
[Date "2010.11.06"]
[Round "1"]
[White "chesskix"]
[Black "oldprez"]
[Result "1-0"]
[WhiteElo "1452"]
[BlackElo "1329"]
[Opening "King's Indian: fianchetto with ...Nd7"]
[ECO "E67"]
[Time "20:01:20"]
[TimeControl "2700+45"]

1. c4 Nf6 2. Nc3 g6 3. d4 Bg7 4. Nf3 O-O 5. g3 d6 6. Bg2 Nbd7 7. O-O c5 8. e3
cxd4 9. exd4 Rb8 10. Re1 Re8 11. Bf4 Qb6 12. Na4 Qb4 13. c5 Nd5 14. a3 Qa5 15.
Bxd6 Ra8 16. b4 Qd8 17. c6 bxc6 18. Bc5 Nxc5 19. Nxc5 Bg4 20. Qd2 Qc8 21. Ne5
Bxe5 22. dxe5 Qf5 23. Be4 Qh5 24. Nd3 Bf3 25. Nf4 Nxf4 26. Qxf4 Bxe4 27. Qxe4
Rac8 28. Rac1 f5 29. exf6 exf6 30. Qc4+ Qd5 31. Rxe8+ Rxe8 32. Qf4 Re7 33. Qxf6
Rf7 34. Qxc6 Qd2 35. Qc8+ Kg7 36. Qc3+ {Black resigns} 1-0

[Event "Team 45 45 League T47"]
[Site "Internet Chess Club"]
[Date "2010.11.09"]
[Round "1"]
[White "SeniorCitizen"]
[Black "stan-beers"]
[Result "1-0"]
[WhiteElo "1267"]
[BlackElo "1441"]
[Opening "Philidor: Improved Hanham variation"]
[ECO "B07"]
[Time "15:00:07"]
[TimeControl "2700+45"]

1. e4 d6 2. d4 Nf6 3. Nc3 Nbd7 4. Nf3 e5 5. dxe5 dxe5 6. Bc4 h6 7. O-O Be7 8.
Be3 c6 9. Qc1 Qc7 10. a3 Nc5 11. Bd3 Bg4 12. Ne1 Ne6 13. f3 Bh5 14. Qd2 Bd6 15.
Qf2 Nf4 16. Bc5 Rd8 17. Bxa7 Qd7 18. Bb6 Rc8 19. Bc5 O-O 20. Bxd6 Qxd6 21. Ne2
Nxd3 22. cxd3 Bg6 23. Qh4 Qc5+ 24. Qf2 Qb5 25. Nc3 Qa6 26. f4 exf4 27. Qxf4 b5
28. Qe3 Rfe8 29. b4 Qb7 30. Qc5 Qc7 31. Ne2 Re5 32. Qf2 Rh5 33. Ng3 Ng4 34. Qf4
Qxf4 35. Rxf4 Rg5 36. h4 Re5 37. Rxg4 Rce8 38. Rc1 R5e6 39. Rf4 h5 40. Rc5 f6
41. Kf2 Kh7 42. Ke3 Ra8 43. Rc3 Rd6 44. Nf5 Bxf5 45. Rxf5 g6 46. Rf2 Re8 47. Nf3
Red8 48. Rd2 Kg7 49. d4 Re8 50. d5 cxd5 51. Rcd3 Rxe4+ 52. Kf2 Rde6 53. Rxd5 Re3
54. R5d3 R3e4 55. Rd5 Rf4 56. Rxb5 Ra6 57. Rd3 Rc4 58. Ra5 Re6 59. Rad5 Rce4 60.
Rd2 Re8 61. R5d3 Ra8 62. Rb3 Rf4 63. b5 Rb8 64. b6 Kh6 65. b7 Rc4 66. Ra2 Rc6
67. a4 Rc7 68. Rab2 Rc5 69. Ra3 Ra5 70. Rb5 Ra7 71. a5 Raxb7 72. Rxb7 Rxb7 73.
a6 Ra7 74. Nd4 f5 75. Nc6 Rxa6 76. Rxa6 g5 77. Ne7+ Kg7 78. Nxf5+ Kf7 79. hxg5
Ke8 80. Kg3 h4+ 81. Kxh4 Kf8 82. Ng7 Kxg7 83. g6 Kg8 84. g4 Kg7 85. g5 Kg8 86.
Kg3 Kg7 87. Kf4 Kg8 88. Ke3 Kg7 89. Ke4 Kg8 90. g7 Kxg7 91. g6 Kg8 92. g7 Kxg7
93. Kf5 Kf7 94. Ra7+ Ke8 95. Kf6 Kd8 96. Ke6 Kc8 97. Kd6 Kb8 98. Rh7 Kc8 99. Rg7
Kb8 100. Kc6 Kc8 101. Rg8# {Black checkmated} 1-0

[Event "Team 45 45 League T47"]
[Site "Internet Chess Club"]
[Date "2010.11.07"]
[Round "1"]
[White "lookatall65sqas"]
[Black "radiohead"]
[Result "0-1"]
[WhiteElo "1309"]
[BlackElo "1410"]
[Opening "Sicilian: closed"]
[ECO "B24"]
[Time "08:00:26"]
[TimeControl "2700+45"]

1. e4 c5 2. Nc3 Nc6 3. g3 g6 4. Bg2 Bg7 5. Nf3 e6 6. O-O Nge7 7. d3 O-O 8. Be3
b6 9. Qd2 Bb7 10. Bh6 Qc7 11. Bxg7 Kxg7 12. h4 Ne5 13. h5 Ng4 14. Bh3 Nh6 15.
Nh2 f5 16. f3 Qxg3+ 17. Qg2 Qxg2+ 18. Kxg2 Nf7 19. hxg6 hxg6 20. exf5 exf5 21.
Kf2 Rh8 22. Kg3 Ng5 23. Bg2 Rae8 24. Rae1 Nc6 25. f4 Ne6 26. Nb5 Ba6 27. Bxc6
dxc6 28. Nxa7 Nd4 29. c3 Ne2+ 30. Kg2 Nxf4+ 31. Kg3 Nxd3 32. Rxe8 Rxe8 33. Nxc6
Nxb2 34. Rb1 Nc4 35. Nf3 Re3 36. Rf1 Rxc3 37. Kf4 Bb7 38. Nce5 Bxf3 39. Nxf3 Kf6
40. Rg1 Nd6 41. Nh4 Rc4+ {White resigns} 0-1

[Event "Team 45 45 League T47"]
[Site "Internet Chess Club"]
[Date "2010.11.05"]
[Round "1"]
[White "DARKwizard1"]
[Black "Kallistos"]
[Result "1-0"]
[WhiteElo "2131"]
[BlackElo "1720"]
[Opening "Scandinavian: Marshall variation"]
[ECO "B01"]
[Time "16:11:41"]
[TimeControl "2700+45"]

1. e4 d5 2. exd5 Nf6 3. d4 Nxd5 4. c4 Nf6 5. Nc3 Bf5 6. g3 e6 7. Bg2 c6 8. h3
Nbd7 9. Nge2 Qc7 10. O-O O-O-O 11. Be3 Nc5 12. b4 Nd3 13. b5 c5 14. Qa4 cxd4 15.
Nxd4 Bc5 16. b6 Bxb6 17. Ndb5 Qb8 18. Nxa7+ Qxa7 19. Qxa7 Bxa7 20. Bxa7 Nb2 21.
a4 Rd2 22. a5 Bd3 23. Rfc1 Nxc4 24. Na4 Nd5 25. Nc5 Be2 26. Ne4 {Black resigns}
1-0

[Event "Team 45 45 League T47"]
[Site "Internet Chess Club"]
[Date "2010.11.08"]
[Round "1"]
[White "kidviper"]
[Black "byebyebadman"]
[Result "0-1"]
[WhiteElo "1983"]
[BlackElo "1852"]
[Opening "French: Winawer, advance variation"]
[ECO "C16"]
[Time "15:06:19"]
[TimeControl "2700+45"]

1. e4 e6 2. d4 d5 3. Nc3 Bb4 4. e5 Ne7 5. Bg5 c5 6. f4 Qa5 7. Qd2 cxd4 8. Bb5+
Nbc6 9. Bxc6+ Nxc6 10. Nge2 dxc3 11. bxc3 Bc5 12. Bh4 Qb6 13. Bg3 O-O 14. Nc1
Be3 15. Qd1 f6 16. Nd3 fxe5 17. fxe5 Nxe5 18. Bxe5 Bf2+ 19. Kf1 Bg3+ 20. Ke2
Rf2+ 21. Nxf2 Qxf2+ 22. Kd3 Qf5+ 23. Kd2 Bxe5 24. Qf3 Bf4+ 25. Kd1 e5 26. Rf1
Qg6 27. h3 Bf5 28. Rf2 Be4 29. Qg4 Qb6 30. Ke2 Qb2 31. Re1 Bd3+ 32. Kf3 Qxc3 33.
Qe6+ Kh8 34. cxd3 Qxe1 35. g3 Qe3+ 36. Kg2 Qxg3+ 37. Kf1 Qxd3+ 38. Kg2 Qg6+ 39.
Qg4 Qxg4+ 40. hxg4 Rc8 41. a4 Kg8 42. a5 a6 43. Rb2 Rc5 44. Rxb7 Rxa5 45. g5
Bxg5 46. Kf3 Ra4 47. Ra7 h5 48. Rd7 e4+ 49. Ke2 d4 50. Rd5 d3+ 51. Ke1 Ra1+ 52.
Kf2 e3+ 53. Kf3 d2 54. Rxg5 d1=Q+ 55. Kf4 Qg4+ 56. Kxe3 Qxg5+ 57. Kd3 Ra4 58.
Ke2 Qg3 59. Kd2 Ra2+ 60. Kc1 Qe1# {White checkmated} 0-1

[Event "Team 45 45 League T47"]
[Site "Internet Chess Club"]
[Date "2010.11.05"]
[Round "1"]
[White "KoalieAwe"]
[Black "kwameh72"]
[Result "1/2-1/2"]
[WhiteElo "1601"]
[BlackElo "1687"]
[Opening "Dutch defense"]
[ECO "A84"]
[Time "21:46:01"]
[TimeControl "2700+45"]

1. d4 f5 2. c4 Nf6 3. Nf3 g6 4. Nc3 Bg7 5. Bg5 O-O 6. h3 d6 7. e3 Nbd7 8. Bd3
Qe8 9. O-O e5 10. dxe5 dxe5 11. Bc2 c6 12. b4 e4 13. Nd4 Ne5 14. c5 Kh8 15. Bf4
Bd7 16. Nb3 Rd8 17. Qd4 Nh5 18. Bxe5 Bxe5 19. Qd2 Be6 20. Nd4 Rd7 21. a3 Qe7 22.
Rad1 Rfd8 23. Nce2 Qf6 24. Qc3 Ng7 25. Bb3 Qf7 26. Bxe6 Nxe6 27. g3 Ng5 28. h4
Nf3+ 29. Kg2 Qf6 30. Qb2 Kg7 31. Qc3 Nxd4 32. exd4 Bxd4 33. Nxd4 Rxd4 34. Rxd4
Qxd4 35. Rc1 Qxc3 36. Rxc3 Kf6 37. Kf1 Ke5 38. Ke2 Rd4 39. Ke3 h6 40. Ke2 g5 41.
f3 f4 42. hxg5 hxg5 43. g4 exf3+ 44. Rxf3 Ke4 45. Rc3 Kd5 46. Rc2 Re4+ 47. Kf2
Rd4 48. Ke2 Ke4 49. Rc3 Kd5 50. Rc2 {Game drawn by repetition} 1/2-1/2

[Event "Team 45 45 League T47"]
[Site "Internet Chess Club"]
[Date "2010.11.05"]
[Round "1"]
[White "bshribharath"]
[Black "LukeOZade"]
[Result "0-1"]
[WhiteElo "1769"]
[BlackElo "1811"]
[Opening "Ruy Lopez: Schliemann defense"]
[ECO "C63"]
[Time "11:02:02"]
[TimeControl "2700+45"]

1. e4 e5 2. Nf3 Nc6 3. Bb5 f5 4. d3 fxe4 5. dxe4 Nf6 6. Bg5 Be7 7. Bxf6 Bxf6 8.
Nc3 Ne7 9. g4 h6 10. Qd2 a6 11. Bd3 d5 12. exd5 Bxg4 13. Be4 Qd6 14. b4 Nf5 15.
b5 Nd4 16. Nxd4 exd4 17. Bg6+ Kd7 18. Ne4 Rae8 19. h3 Bf3 20. Bf5+ Kd8 {White
resigns} 0-1

[Event "Team 45 45 League T47"]
[Site "Internet Chess Club"]
[Date "2010.11.09"]
[Round "1"]
[White "chessateer"]
[Black "Ivio"]
[Result "1-0"]
[WhiteElo "1839"]
[BlackElo "1788"]
[Opening "French: King's Indian attack"]
[ECO "C00"]
[Time "11:00:57"]
[TimeControl "2700+45"]

1. e4 e6 2. d3 d5 3. Nd2 dxe4 4. dxe4 Nd7 5. Ngf3 Ngf6 6. Be2 b6 7. O-O Bb7 8.
e5 Ng4 9. Nc4 b5 10. h3 bxc4 11. hxg4 Be7 12. Bxc4 Bxf3 13. Qxf3 Nxe5 14. Bb5+
c6 15. Bxc6+ Nxc6 16. Qxc6+ Kf8 17. Bf4 Rc8 18. Qe4 h5 19. g5 Bxg5 20. Rfd1 Qf6
21. Be5 Qh6 22. Qb7 Re8 23. Qxa7 h4 24. Rd3 Qg6 25. Qc5+ Kg8 26. Qc6 Rf8 27. Kf1
Qf5 28. Qc3 h3 29. gxh3 Rh5 30. Bxg7 Re8 31. Rg3 e5 32. Bxe5 Rxe5 33. Rd1 Qe4
34. Kg1 Kf8 35. Qc8+ Re8 36. Qc5+ Re7 37. Rxg5 Rxg5+ 38. Qxg5 Qxc2 39. Rd8+ Re8
40. Qh6+ Ke7 41. Qd6# {Black checkmated} 1-0

[Event "Team 45 45 League T47"]
[Site "Internet Chess Club"]
[Date "2010.11.07"]
[Round "1"]
[White "parrot9"]
[Black "Salvatore"]
[Result "0-1"]
[WhiteElo "1644"]
[BlackElo "1673"]
[Opening "Sicilian: accelerated fianchetto, modern variation with Bc4"]
[ECO "B35"]
[Time "10:02:56"]
[TimeControl "2700+45"]

1. e4 c5 2. Nf3 g6 3. d4 cxd4 4. Nxd4 Nc6 5. Be3 Bg7 6. Nc3 Nf6 7. Bc4 O-O 8.
Bb3 a5 9. f3 d5 10. Nxd5 Nxd5 11. Bxd5 Nxd4 12. Bxd4 Bxd4 13. Qxd4 e6 14. h4
exd5 15. O-O-O Be6 16. h5 Qg5+ 17. Kb1 dxe4 18. hxg6 fxg6 19. Qxe4 Qf5 20. Qxb7
Qf7 21. Qb5 Bxa2+ 22. Ka1 Be6 23. Qa4 Rfb8 24. Rd4 Qg7 25. c3 Qb7 26. Qc2 a4 27.
Rdh4 a3 28. Qxg6+ hxg6 29. Rh8+ Kf7 30. R1h7+ Kf6 31. Rxb7 Rxh8 {White resigns}
0-1

[Event "Team 45 45 League T47"]
[Site "Internet Chess Club"]
[Date "2010.11.05"]
[Round "1"]
[White "chiiwen"]
[Black "Ptzz"]
[Result "1-0"]
[WhiteElo "2176"]
[BlackElo "2099"]
[Opening "Sicilian: accelerated fianchetto, Maróczy bind"]
[ECO "B36"]
[Time "12:00:18"]
[TimeControl "2700+45"]

1. e4 c5 2. Nf3 g6 3. d4 cxd4 4. Nxd4 Nc6 5. c4 Nf6 6. Nc3 d6 7. Nc2 Bg7 8. Be2
Nd7 9. Bd2 a5 10. O-O O-O 11. Na3 Nc5 12. Nab5 f5 13. exf5 Bxf5 14. Be3 Nb4 15.
Nd4 Bd3 16. Bxd3 Nbxd3 17. Qe2 Qd7 18. Rad1 Nf4 19. Bxf4 Rxf4 20. Qe3 Raf8 21.
Nde2 R4f5 22. Ng3 Re5 23. Qd2 a4 24. Rfe1 Qg4 25. Nd5 Rf7 26. Ne3 Qf4 27. Qc2 h5
28. Nd5 Qg5 29. f4 Rxe1+ 30. Rxe1 Qg4 31. Nxe7+ Kh7 32. f5 Bd4+ 33. Kh1 Kg7 34.
fxg6 Rf2 35. Nef5+ Kf6 36. Qd1 Rxf5 37. Nxf5 Kxf5 38. Qxg4+ hxg4 39. Rd1 Bf6 40.
Rxd6 Kxg6 41. Rd5 Be7 42. b4 axb3 43. axb3 Nxb3 44. Rd7 Bc5 45. Rxb7 Nd2 46. g3
Kf6 47. Rc7 Ne4 48. Kg2 Kf5 49. Rf7+ Kg6 50. Rf4 Nf6 51. h3 gxh3+ 52. Kxh3 Kg5
53. Rf3 Bd4 54. g4 Ne4 55. Rf5+ Kg6 56. Rd5 Ba7 57. Kg2 Nf6 58. Ra5 Bd4 59. Kf3
Bb6 60. Rb5 Nd7 61. Rd5 Nf6 62. Rd6 Bg1 63. Rd1 Bc5 64. Kf4 Ba7 65. Ra1 Bb8+ 66.
Kf3 Bd6 67. Ra5 Nd7 68. Ra6 Ne5+ 69. Ke4 Nxc4 70. Rc6 Kg5 71. Rxc4 Kxg4 72. Rc6
Be7 73. Rg6+ Kh4 74. Kf4 Kh5 75. Rg4 Ba3 76. Kf5 Kh6 77. Rg6+ Kh7 78. Kf6 Be7+
79. Kf7 Bd8 80. Rd6 Bc7 81. Rc6 Bd8 82. Rc8 Bb6 83. Rc3 {Black resigns} 1-0

[Event "Team 45 45 League T47"]
[Site "Internet Chess Club"]
[Date "2010.11.06"]
[Round "1"]
[White "Jack-ONeill"]
[Black "Zumbi"]
[Result "1/2-1/2"]
[WhiteElo "2016"]
[BlackElo "2019"]
[Opening "Queen's bishop game"]
[ECO "D02"]
[Time "09:16:16"]
[TimeControl "2700+45"]

1. d4 d5 2. Nf3 Nf6 3. Bf4 c5 4. c3 Qb6 5. Qc2 Nc6 6. e3 Bf5 7. Qb3 e6 8. Nbd2
c4 9. Qxb6 axb6 10. Be2 b5 11. O-O Be7 12. a3 h6 13. h3 O-O {Game drawn by
mutual agreement} 1/2-1/2

[Event "Team 45 45 League T47"]
[Site "Internet Chess Club"]
[Date "2010.11.07"]
[Round "1"]
[White "AronT"]
[Black "Despair"]
[Result "0-1"]
[WhiteElo "2019"]
[BlackElo "2048"]
[Opening "King's Indian: 5.Be2"]
[ECO "E73"]
[Time "02:15:26"]
[TimeControl "2700+45"]

1. d4 g6 2. c4 Bg7 3. Nc3 d6 4. e4 Nf6 5. Be2 b6 6. Bg5 Nbd7 7. Qd2 O-O 8. f3 c5
9. d5 Bb7 10. Nh3 Qc7 11. Nf2 a6 12. O-O Rfe8 13. Bd1 e6 14. dxe6 fxe6 15. Ba4
Bc6 16. Bxc6 Qxc6 17. Rfd1 Ne5 18. b3 Nf7 19. Be3 b5 20. cxb5 axb5 21. Rac1 Nd7
22. Ng4 b4 23. Ne2 Qa6 24. Rc2 Qb7 25. Nh6+ Nxh6 26. Bxh6 Bxh6 27. Qxh6 Ne5 28.
Qd2 Qe7 29. Rcc1 Rf8 30. Qxd6 Qxd6 31. Rxd6 Rxa2 32. Ng3 c4 33. bxc4 b3 34. Rdd1
b2 35. Rb1 Nxc4 36. Ne2 Rb8 37. Nc1 Ra5 38. Nd3 Rab5 39. Kf2 Na3 40. Ke2 Nxb1
41. Rxb1 Rb3 42. Kd2 Rd8 {White resigns} 0-1

[Event "Team 45 45 League T47"]
[Site "Internet Chess Club"]
[Date "2010.11.06"]
[Round "1"]
[White "kabindra"]
[Black "Tobiasdelmonte"]
[Result "0-1"]
[WhiteElo "1714"]
[BlackElo "1924"]
[Opening "Alekhine's defense: four pawns attack, 7.Be3"]
[ECO "B03"]
[Time "10:23:58"]
[TimeControl "2700+45"]

1. e4 Nf6 2. e5 Nd5 3. d4 d6 4. c4 Nb6 5. f4 dxe5 6. fxe5 Nc6 7. Be3 Bf5 8. a3
e6 9. Nf3 Bg4 10. Nbd2 Qd7 11. Be2 O-O-O 12. O-O h5 13. b4 h4 14. h3 Bh5 15. b5
Ne7 16. c5 Nbd5 17. Qa4 Nc3 18. Qxa7 Nxe2+ 19. Kf2 Qxb5 20. Rfb1 Qa6 21. Qxa6
bxa6 22. Kxe2 Nd5 23. Rb3 Kd7 24. Rb7 Be7 25. Rc1 Kc6 26. Ra7 Ra8 27. Rxa8 Rxa8
28. Bf2 Rb8 29. Kf1 g5 30. Rb1 Rxb1+ 31. Nxb1 Bxf3 32. gxf3 Kb5 33. Ke2 Nf4+ 34.
Kd2 Nxh3 35. Be3 Nf4 36. Kc3 h3 {White resigns} 0-1

[Event "Team 45 45 League T47"]
[Site "Internet Chess Club"]
[Date "2010.11.06"]
[Round "1"]
[White "f5"]
[Black "SlimeDog2"]
[Result "1/2-1/2"]
[WhiteElo "2112"]
[BlackElo "2125"]
[Opening "Petrov: Nimzovich attack"]
[ECO "C42"]
[Time "22:02:48"]
[TimeControl "2700+45"]

1. e4 e5 2. Nf3 Nf6 3. Nxe5 d6 4. Nf3 Nxe4 5. Nc3 Nxc3 6. dxc3 Be7 7. Be3 Nc6 8.
Qd2 Be6 9. Bd3 Ne5 10. Nxe5 dxe5 11. Qe2 Qd5 12. O-O O-O 13. Rfd1 Qa5 14. a4 c5
15. Qf3 Qc7 16. Bf5 Bxf5 17. Qxf5 Rad8 18. c4 Rxd1+ 19. Rxd1 Rd8 20. Rxd8+ Bxd8
21. g4 g6 22. Qe4 Be7 23. h3 Bd6 24. b3 a5 25. Kg2 Kg7 26. Qd5 b6 27. Qa8 Qb8
28. Qc6 Qc7 29. Qd5 Qe7 30. Qa8 e4 31. Qd5 Qe5 32. Qxe5+ Bxe5 33. f3 exf3+ 34.
Kxf3 f5 35. gxf5 gxf5 36. Bg5 Bc7 {Game drawn by mutual agreement} 1/2-1/2

[Event "Team 45 45 League T47"]
[Site "Internet Chess Club"]
[Date "2010.11.06"]
[Round "1"]
[White "chsrules88"]
[Black "bgolev"]
[Result "1-0"]
[WhiteElo "2038"]
[BlackElo "1833"]
[Opening "Vienna game"]
[ECO "C28"]
[Time "22:00:20"]
[TimeControl "2700+45"]

1. e4 e5 2. Nc3 Nf6 3. Bc4 Nc6 4. d3 h6 5. Be3 Na5 6. Bb3 Nxb3 7. axb3 c5 8. f4
exf4 9. Bxf4 d5 10. Nb5 Bg4 11. Qd2 Rc8 12. Qe3 d4 13. Qg3 Qd7 14. Nc7+ Kd8 15.
Nd5 Nxd5 16. exd5 Qe7+ 17. Kf2 g5 18. Qxg4 gxf4 19. Qxf4 h5 20. Nf3 Bh6 21. Qe5
Be3+ 22. Ke2 Rg8 23. g3 Qxe5 24. Nxe5 f6 25. Nc4 a6 26. Nxe3 Re8 27. Kf2 Rxe3
28. Rae1 Re7 29. Rxe7 Kxe7 30. Re1+ Kd6 31. Re6+ Kxd5 32. Rxf6 Re8 33. Rf5+ Re5
34. Rxe5+ Kxe5 35. Kf3 Kf5 36. h3 b6 37. g4+ hxg4+ 38. hxg4+ Kg5 39. Kg3 Kg6 40.
Kf4 Kf6 41. g5+ Kg6 42. Kg4 Kg7 43. Kf5 Kf7 44. g6+ Kg7 45. Kg5 Kg8 46. Kf6 Kf8
47. Ke6 Kg7 48. Kd6 Kxg6 49. Kc6 {Black resigns} 1-0

[Event "Team 45 45 League T47"]
[Site "Internet Chess Club"]
[Date "2010.11.06"]
[Round "1"]
[White "Beddathanme"]
[Black "zap2"]
[Result "1-0"]
[WhiteElo "1821"]
[BlackElo "1895"]
[Opening "Caro-Kann: exchange variation"]
[ECO "B13"]
[Time "10:08:16"]
[TimeControl "2700+45"]

1. e4 c6 2. d4 d5 3. exd5 cxd5 4. Bd3 Nc6 5. c3 Nf6 6. h3 Qc7 7. Nf3 h6 8. Qe2
e6 9. O-O Bd6 10. a4 O-O 11. Na3 a6 12. Nc2 Na5 13. Ne5 Bd7 14. Bf4 Rfc8 15. Ne1
Rab8 16. Qf3 Nc4 17. Bxc4 dxc4 18. Bxh6 Bxe5 19. dxe5 Qxe5 20. Bf4 Qc5 21. Bxb8
Rxb8 22. Nc2 Bc6 23. Qg3 Rd8 24. Nd4 Ne4 25. Qc7 Qd6 26. Qxd6 Rxd6 27. Nxc6 Rxc6
28. Rad1 Nc5 29. Rd8+ Kh7 30. Rb8 Rc7 31. a5 Nb3 32. Rd1 Nxa5 33. Rdd8 Nc6 34.
Rbc8 Re7 35. Rh8+ Kg6 36. Rh4 Ne5 37. Re4 Kf5 38. Rd4 Kf6 39. f4 Nd3 40. Rcxc4
b5 41. Rc6 Nxb2 42. Rxa6 Rc7 43. Rb6 Rxc3 44. Rxb5 Rc1+ 45. Kh2 Nd1 46. Rb7 Ne3
47. Rdd7 Nf1+ 48. Kg1 Ng3+ 49. Kf2 Nf5 50. Rxf7+ Kg6 51. g4 Rc2+ 52. Ke1 Nd6 53.
Rxg7+ Kf6 54. Rbd7 Rc6 55. h4 e5 56. f5 e4 57. Rg6+ Ke5 58. Rgxd6 Rxd6 59. Rxd6
Kxd6 60. Ke2 Ke5 61. Ke3 Kf6 62. Kxe4 Kg7 63. Ke5 Kf7 64. g5 Kg7 65. Ke6 Kg8 66.
Ke7 Kh7 67. g6+ Kh6 68. f6 Kxg6 69. f7 Kh7 70. f8=Q Kg6 71. Qf6+ Kh7 72. Qg5 Kh8
73. Kf7 {Black resigns} 1-0

[Event "Team 45 45 League T47"]
[Site "Internet Chess Club"]
[Date "2010.11.06"]
[Round "1"]
[White "Constrictor"]
[Black "room-matt"]
[Result "1-0"]
[WhiteElo "1729"]
[BlackElo "1618"]
[Opening "Réti opening"]
[ECO "A05"]
[Time "12:03:10"]
[TimeControl "2700+45"]

1. Nf3 Nf6 2. b4 d5 3. e3 e6 4. b5 Nbd7 5. Bb2 Bd6 6. Be2 O-O 7. O-O Re8 8. d4
b6 9. Nbd2 e5 10. dxe5 Bxe5 11. Nxe5 Nxe5 12. Nf3 Ned7 13. c4 Bb7 14. Qc2 Qe7
15. Qc3 Rac8 16. Rfd1 Nc5 17. a4 Nce4 18. Qd4 Rcd8 19. Qe5 Qb4 20. Ba3 Qc3 21.
Qxc7 Rd7 22. Qf4 dxc4 23. Rdc1 Qa5 24. Rxc4 Nh5 25. Qh4 {Black resigns} 1-0

[Event "Team 45 45 League T47"]
[Site "Internet Chess Club"]
[Date "2010.11.04"]
[Round "1"]
[White "justice02"]
[Black "Monsieur"]
[Result "1/2-1/2"]
[WhiteElo "1673"]
[BlackElo "1564"]
[Opening "QGA: 3.e4"]
[ECO "D20"]
[Time "22:00:19"]
[TimeControl "2700+45"]

1. c4 d5 2. d4 dxc4 3. e4 e5 4. d5 b5 5. Nf3 Bd6 6. Be2 Nf6 7. Qc2 c6 8. dxc6
Nxc6 9. a3 Nd4 10. Nxd4 exd4 11. Bf3 d3 12. Qd1 O-O 13. O-O Be5 14. Nc3 Bb7 15.
Nxb5 Nxe4 16. Bxe4 Bxe4 17. Nc3 Bb7 18. Be3 a6 19. Qg4 Qf6 20. Qxc4 Rfd8 21.
Rad1 a5 22. Rxd3 Rxd3 23. Qxd3 Ba6 24. Qe4 Re8 25. Qa4 Rd8 26. Rd1 Rxd1+ 27.
Qxd1 g6 28. h3 Kg7 29. Qd5 Bc8 30. Qxa5 Bxc3 31. Qxc3 Qxc3 32. bxc3 Ba6 33. a4
Kf6 34. a5 Ke5 35. Bc5 Kd5 36. Bb4 Kc4 37. f4 f5 38. Kf2 Kd3 39. g4 Ke4 40. Kg3
Bf1 41. h4 Ba6 42. h5 Be2 43. hxg6 hxg6 44. g5 Ba6 45. Bd6 Kd3 46. Be5 Ke2 47.
Bd6 Bd3 48. Kg2 Ba6 49. Bc5 Bd3 50. Kg1 Kf3 51. Be7 Kxf4 52. Kf2 Ke4 53. Bd6 f4
54. Be7 f3 55. Bf6 Be2 56. Bd4 Kf4 57. Be3+ Ke4 58. Bd4 Kf5 59. Bf6 Ke4 60. Bd8
Kf5 61. Be7 Ke4 62. Bd8 Kf4 63. Bc7+ Kxg5 64. c4 Kg4 65. c5 Ba6 66. Bd6 g5 67.
c6 Kf5 68. Kxf3 Ke6 69. Bg3 Kd5 70. c7 Kc6 71. Kg4 Kb5 {Game drawn by mutual
agreement} 1/2-1/2

[Event "Team 45 45 League T47"]
[Site "Internet Chess Club"]
[Date "2010.11.07"]
[Round "1"]
[White "MarkNY"]
[Black "sbaker831"]
[Result "1-0"]
[WhiteElo "1719"]
[BlackElo "1561"]
[Opening "Ruy Lopez: Schliemann defense, Berger variation"]
[ECO "C63"]
[Time "20:04:18"]
[TimeControl "2700+45"]

1. e4 e5 2. Nf3 Nc6 3. Bb5 f5 4. Nc3 fxe4 5. Nxe4 Nf6 6. Nxf6+ Qxf6 7. d3 Be7 8.
O-O O-O 9. Bg5 Qd6 10. Re1 Bxg5 11. Nxg5 Qg6 12. Bc4+ Kh8 13. Qd2 d6 14. Kh1 Rf5
15. Nf3 Qh5 16. Bd5 Ne7 17. Be4 Rf6 18. Qa5 c6 19. Qd8+ Ng8 20. c4 Qf7 21. Bxh7
Qf8 22. Qxf8 Rxf8 23. Be4 Bf5 24. Bxf5 Rxf5 25. Re2 Raf8 26. Kg1 g5 27. h3 Nh6
28. Nh2 Rf4 29. Nf3 g4 30. hxg4 Rxg4 31. Ne1 Nf5 32. Nc2 Nh4 33. g3 Nf3+ 34. Kg2
Kg7 35. Rh1 Kg6 36. Re3 Ng5 37. f3 Rd4 38. Nxd4 exd4 39. Re7 Rxf3 40. Rd1 Rf7
41. Rxf7 Nxf7 42. Kf3 Ne5+ 43. Kf4 b6 44. Ke4 Kg5 45. Kxd4 Nf3+ 46. Kc3 Kg4 47.
Rh1 d5 48. cxd5 cxd5 49. Rh7 a5 50. Rb7 d4+ 51. Kc4 {Black resigns} 1-0

[Event "Team 45 45 League T47"]
[Site "Internet Chess Club"]
[Date "2010.11.07"]
[Round "1"]
[White "ScotchYeti"]
[Black "BotanicalKnight"]
[Result "1-0"]
[WhiteElo "1643"]
[BlackElo "1607"]
[Opening "Caro-Kann: exchange variation"]
[ECO "B13"]
[Time "16:03:09"]
[TimeControl "2700+45"]

1. e4 c6 2. d4 d5 3. exd5 Qxd5 4. Nc3 Qd8 5. Bc4 Nf6 6. Nf3 Bg4 7. Be3 e6 8. O-O
Be7 9. Re1 O-O 10. Be2 Nbd7 11. h3 Bh5 12. Ne5 Bg6 13. Nxg6 hxg6 14. Bd3 Nd5 15.
Nxd5 cxd5 16. a3 a6 17. c3 b5 18. Qd2 Qb6 19. Bg5 Bd6 20. Qe3 a5 21. Bxg6 Rfe8
22. Bc2 b4 23. Qd3 g6 24. h4 bxa3 25. bxa3 Be7 26. Bxe7 Rxe7 27. h5 Nf8 28. Re3
Qa6 29. Qd2 Qd6 30. Rae1 Qf4 31. Qe2 g5 32. Rh3 g4 33. Rg3 f5 34. Qe5 Qxe5 35.
Rxe5 Rh7 36. f3 Rxh5 37. fxg4 Rg5 38. Kf2 Rc8 39. Bd1 Kf7 40. gxf5 Rxg3 41.
fxe6+ Nxe6 42. Kxg3 Rxc3+ 43. Kg4 Rd3 44. Bf3 Rxd4+ 45. Kg3 Rd3 46. Rxd5 Rxa3
47. Kg4 Ra4+ 48. Kf5 Ng7+ 49. Ke5 Kg6 50. g4 Ra3 51. Be4+ Kg5 52. Bf5 Rf3 53.
Bd7 a4 54. Ke4+ {Black resigns} 1-0